 Dungeon Sprint DCSS version 0.28-a0-429-g1448048969 (webtiles) character file.

Game seed: 14465060182894233358

22657 MikeHunt the Fighter (level 12, 0/107 HPs)
             Began as a Demonspawn Fire Elementalist on Sept 10, 2021.
             Was the Champion of Sif Muna.
             Succumbed to a death drake's dark miasma
             ... in the Dungeon (Sprint III: "The Ten Rune Challenge").
             The game lasted 00:20:06 (4172 turns).

MikeHunt the Fighter (Demonspawn Fire Elementalist) Turns: 4172, Time: 00:20:07

Health: 0/107      AC: 17    Str: 10    XL:     12   Next: 64%
Magic:  21/26      EV: 22    Int: 21    God:    Sif Muna [******]
Gold:   306        SH:  0    Dex: 13    Spells: 12/31 levels left

rFire   . . .      SeeInvis .     - Unarmed
rCold   . . .      Faith    .   (no shield)
rNeg    . . .      Spirit   .   a - +0 robe
rPois   .          Reflect  .   y - +1 hat {Stlth+}
rElec   .          Harm     .   t - +0 cloak
rCorr   .          Rampage  .   (no gloves)
Will    .....      NoTele   +   (no boots)
Stlth   +++.......              p - amulet of magic regeneration
HPRegen 1.27/turn               n - +4 ring of evasion
MPRegen 0.45/turn               o - +4 ring of protection

@: lethally poisoned (0 -> -2), sanguine armoured, slowed, very slow
A: claws 2, icemail 1, powered by death 2, sanguine armour 2, condensation
shield
a: Renounce Religion, Channel Magic, Forget Spell, Divine Exegesis


You were in the Dungeon.
You worshipped Sif Muna.
Sif Muna was exalted by your worship.
You visited 1 branch You collected 1734 gold pieces.
You spent 1428 gold pieces at shops.

Inventory:

Hand Weapons
 m - a +1 dagger of venom
 s - a +2 hunting sling of flaming
 v - a +3 eveningstar of protection
Missiles
 q - 7 curare-tipped darts
 w - 5 javelins
Armour
 a - a +0 robe (worn)
 t - a +0 cloak (worn)
 y - a +1 hat of stealth (worn)
Jewellery
 n - a +4 ring of evasion (left claw)
 o - a +4 ring of protection (right claw)
 p - an amulet of magic regeneration (around neck)
Wands
 f - a wand of acid (8)
 x - a wand of charming (5)
Scrolls
 h - 2 scrolls of identify {unknown}
 j - 2 scrolls of torment {unknown}
 l - 2 scrolls of immolation {unknown}
 r - a scroll of fog {unknown}
 z - a scroll of fear {unknown}
Potions
 b - 3 potions of curing
 c - 2 potions of heal wounds
 d - 2 potions of haste
 e - 2 potions of magic
 i - 4 potions of mutation {unknown}
 k - 2 potions of flight
 A - a potion of attraction {unknown}
 B - a potion of degeneration {unknown}
Miscellaneous
 g - a condenser vane
 u - a phantom mirror


   Skills:
 - Level 14.2 Fighting
 - Level 13.3 Dodging
 - Level 1.7 Stealth
 - Level 10.5 Unarmed Combat
 + Level 10.1 Spellcasting
 + Level 12.3 Conjurations
 + Level 11.3 Fire Magic
 - Level 6.0 Ice Magic
 - Level 8.1 Invocations
 - Level 10.4 Evocations


You had 12 spell levels left.
You knew the following spells:

 Your Spells              Type           Power      Damage    Failure   Level
a - Foxfire               Conj/Fire      100%       2x1d9     1%          1
b - Hailstorm             Conj/Ice       49%        3d11      1%          4
c - Frozen Ramparts       Ice            72%        1d9       1%          3
d - Fireball              Conj/Fire      28%        3d12      1%          5
f - Flame Wave            Conj/Fire      57%        3d10      1%          4
r - Scorch                Fire           100%       2d10      1%          2

Your spell library contained the following spells:

 Spells                   Type           Power      Damage    Failure   Level
 Freeze                   Ice            100%       1d11      1%          1
 Magic Dart               Conj           100%       1d8       1%          1
 Shock                    Conj/Air       100%       1d9       1%          1
 Searing Ray              Conj           100%       2d8       1%          2
 Static Discharge         Conj/Air       36%        N/A       1%          2
 Conjure Flame            Conj/Fire      57%        6-21      1%          3
 Dazzling Flash           Conj/Hex       72%        N/A       1%          3
 Inner Flame              Hex/Fire       34%        N/A       1%          3
 Stone Arrow              Conj/Erth      72%        3d11      1%          3
 Sticky Flame             Conj/Fire      57%        2d7       1%          4
 Iskenderun's Battlesphe  Conj           58%        2d11      1%          5
 Mephitic Cloud           Conj/Pois/Air  27%        N/A       3%          3
 Ignite Poison            Fire/Tmut/Pois 26%        N/A       4%          3
 Iskenderun's Mystic Bla  Conj/Tloc      36%        2d9       4%          4
 Apportation              Tloc           20%        N/A       6%          1
 Beastly Appendage        Tmut           20%        N/A       6%          1
 Sandblast                Erth           20%        2d7       6%          1
 Starburst                Conj/Fire      28%        6d9       8%          6
 Call Imp                 Summ           10%        N/A       10%         2
 Corpse Rot               Necr/Air       N/A        N/A       10%         2
 Sublimation of Blood     Necr           5%         N/A       10%         2
 Wereblood                Tmut           10%        N/A       10%         2
 Freezing Cloud           Conj/Ice/Air   18%        6-21      14%         5
 Irradiate                Conj/Tmut      18%        3d19      14%         5
 Lightning Bolt           Conj/Air       18%        1d32      14%         5
 Spider Form              Tmut/Pois      5%         N/A       19%         3
 Swiftness                Air            10%        N/A       19%         3
 Teleport Other           Tloc           10%        N/A       19%         3
 Airstrike                Air            5%         N/A       54%         4
 Leda's Liquefaction      Hex/Erth       5%         N/A       54%         4
 Olgreb's Toxic Radiance  Pois           10%        N/A       54%         4
 Petrify                  Tmut/Erth      10%        N/A       54%         4
 Iron Shot                Conj/Erth      18%        9d4       61%         6
 Ignition                 Fire           27%        3d9       99%         8


Dungeon Overview and Level Annotations

Branches:
Dungeon (1/1)

Altars:
Cheibriados
Dithmenos
Elyvilon
Fedhas
Gozag
Hepliaklqana
Kikubaaqudgha
Makhleb
Nemelex Xobeh
Okawaru
Qazlal
Ru
Sif Muna
Trog
Uskayaw
Vehumet
Wu Jian
Xom
Yredelemnul
Zin
The Shining One
Beogh
Jiyva
Lugonu

Shops:
D =

Annotations:
D Ilsuiw


Innate Abilities, Weirdness & Mutations

You have very sharp fingernails.
A meltable icy envelope protects you from harm. (AC +0)
You regenerate health from kills.
When seriously injured, your bleeding wounds create thick armour. (AC +9)
A meltable shield of frost defends you. (SH +0)


Message History

The death drake is engulfed in blazing flames.
The swamp dragon skeleton is engulfed in blazing flames.
The forest fire spreads!
Really walk into that cloud of flame?
You are engulfed in blazing flames.
Your icy defenses dissipate!
Your blood congeals into armour.
You feel extremely sick.
The death drake is engulfed in a forest fire.
The death drake closely misses you.
The death drake is engulfed in a forest fire.
The death drake misses you.
The swamp dragon skeleton is engulfed in a forest fire.
The forest fire spreads! x2
Casting: Flame Wave (mildly dangerous; 1% risk of failure)
Confirm with . or Enter, or press ? or * to list all spells.
Casting: Flame Wave (mildly dangerous; 1% risk of failure)
Press: ? - help, Dir - look around, f - activate You can't see any item there.
A wave of flame ripples out!
The flame wave engulfs the death drake!
The death drake is severely wounded. (Press . to intensify the flame waves.)
You are engulfed in blazing flames.
You feel very sick.
You hear a roar!
The death drake is engulfed in a forest fire.
The death drake closely misses you.
The swamp dragon skeleton is engulfed in a forest fire.
The death drake is engulfed in a forest fire.
The death drake closely misses you.
A wave of flame ripples out!
The flame wave engulfs the death drake!!
You kill the death drake!
Sif Muna accepts your kill.
The flame wave engulfs the swamp dragon skeleton!!
You destroy the swamp dragon skeleton!
Sif Muna accepts your kill.
The tree burns like a torch!
You are engulfed in blazing flames.
* * * LOW HITPOINT WARNING * * *
You die...

.......##.#####...#
(.........##......#
############'########
≈≈≈≈≈≈≈≈≈ #........♣
≈≈≈≈≈≈≈≈≈ #.......♣♣
≈..≈≈≈≈≈. #.....###
....≈≈≈.. #.÷§..#
≈..≈≈≈≈≈. #.....#
≈≈≈≈≈≈≈≈. #..§§@#
≈≈≈≈≈≈≈≈≈ #..§§.#
≈≈≈≈≈≈≈≈≈ #§§§§§.#
.≈≈≈≈≈≈≈≈ #♣§§§.♣Z.
..≈≈≈≈≈≈≈ ♣.§§♣♣♣♣♣
§°°.. #♣..≈≈. ♣.♣.≈..
♣♣ ♣♣♣♣♣


You could see a swamp dragon skeleton.

Vanquished Creatures
  Sigmund (D)
  Polyphemus (D)
  Gastronok (D)
  2 dire elephants (D)
  Erolcha (D)
  4 death yaks (D)
  An orc high priest (D)
  Urug (D)
  3 death drakes (D)
  A lindwurm (D)
  A deep elf pyromancer (D)
  2 black mambas (D)
  2 elephants (D)
  Edmund (D)
  2 cane toads (D)
  A rime drake (D)
  A komodo dragon (D)
  3 wandering mushrooms (D)
  2 tyrant leeches (D)
  8 blink frogs (D)
  3 dream sheep (D)
  5 redbacks (D)
  A shadow (D)
  A hydra simulacrum (D)
  2 orc warriors (D)
  A swamp drake (D)
  A necrophage (D)
  2 swamp dragon skeletons (D)
  5 two-headed ogres (D)
  A water elemental (D)
  A jelly (D)
  2 orc priests (D)
  Jessica (D)
  A wizard (D)
  A necromancer (D)
  2 orc wizards (D)
  2 polar bear simulacra (D)
  A wolf simulacrum (D)
  A kobold demonologist (D)
  3 humans (D)
  A phantom (D)
  11 orcs (D)
  2 endoplasms (D)
  A rat (D)
91 creatures vanquished.

Vanquished Creatures (others)
  2 hydras (D)
  An electric eel (D)
  50 foxfires (D)
  15 plants (D)
68 creatures vanquished.

Grand Total: 159 creatures vanquished

Notes
Turn   | Place    | Note
-------+----------+-------------------------------------------
     0 | D        | MikeHunt the Demonspawn Fire Elementalist began the quest
                  | for the Orb.
     0 | D        | Reached XP level 1. HP: 13/13 MP: 3/3
    50 | D        | Noticed Jessica
    60 | D        | Killed Jessica
    61 | D        | Gained mutation: A meltable shield of frost defends you.
                  | (SH +0) [demonic ancestry]
    61 | D        | Reached XP level 2. HP: 19/19 MP: 0/7
    61 | D        | Gained mutation: You have sharp fingernails. [demonic
                  | ancestry]
    61 | D        | Reached XP level 3. HP: 24/24 MP: 0/9
    66 | D        | Learned a level 2 spell: Scorch
   181 | D        | Reached skill level 1 in Unarmed Combat
   351 | D        | Noticed a water elemental
   363 | D        | Killed a water elemental
   364 | D        | Reached skill level 5 in Conjurations
   364 | D        | Reached XP level 4. HP: 30/30 MP: 4/10
   377 | D        | Learned a level 4 spell: Flame Wave
   407 | D        | Found a radiant altar of Vehumet.
   408 | D        | Found a shimmering blue altar of Sif Muna.
   408 | D        | Found an ancient bone altar of Kikubaaqudgha.
   408 | D        | Noticed a wizard
   409 | D        | Killed a wizard
   419 | D        | Reached skill level 5 in Fire Magic
   419 | D        | Gained mutation: You regenerate a little health from kills.
                  | [demonic ancestry]
   419 | D        | Reached XP level 5. HP: 35/35 MP: 3/12
   429 | D        | Became a worshipper of Sif Muna the Loreminder
   446 | D        | Learned a level 3 spell: Frozen Ramparts
   487 | D        | Found a basalt altar of Yredelemnul.
   487 | D        | Found a shadowy altar of Dithmenos.
   487 | D        | Found a sacrificial altar of Ru.
   487 | D        | Noticed a necrophage
   502 | D        | Killed a necrophage
   741 | D        | Noticed a deep elf pyromancer
   745 | D        | Killed a deep elf pyromancer
   745 | D        | Reached * piety under Sif Muna
   746 | D        | Reached skill level 10 in Evocations
   746 | D        | Gained mutation: You have very sharp fingernails. [demonic
                  | ancestry]
   746 | D        | Reached XP level 6. HP: 25/41 MP: 4/13
   746 | D        | Gained mutation: When seriously injured, your bleeding
                  | wounds create armour. (AC +9) [demonic ancestry]
   746 | D        | Reached XP level 7. HP: 28/46 MP: 4/14
   814 | D        | Found a hide-covered altar of Uskayaw.
   814 | D        | Found an iron altar of Okawaru.
   814 | D        | Found a bloodstained altar of Trog.
   814 | D        | Found an ornate altar of the Wu Jian Council.
   814 | D        | Noticed a human
   816 | D        | Noticed a human
   820 | D        | Killed a human
   821 | D        | Reached skill level 2 in Fighting
   822 | D        | Killed a human
   875 | D        | Noticed a shadow
   876 | D        | Reached ** piety under Sif Muna
   877 | D        | Reached skill level 3 in Fighting
   883 | D        | Killed a shadow
   884 | D        | Gained mutation: When seriously injured, your bleeding
                  | wounds create thick armour. (AC +9) [demonic ancestry]
   884 | D        | Reached XP level 8. HP: 49/60 MP: 5/15
   921 | D        | Found a blossoming altar of Fedhas.
   921 | D        | Found a stormy altar of Qazlal.
   924 | D        | Found a snail-covered altar of Cheibriados.
   924 | D        | Found a burning altar of Makhleb.
   924 | D        | Found a hazy altar of Hepliaklqana.
   924 | D        | Found a shimmering altar of Xom.
   924 | D        | Found an opulent altar of Gozag.
   924 | D        | Found a sparkling altar of Nemelex Xobeh.
   924 | D        | Found a corrupted altar of Lugonu.
   924 | D        | Found a viscous altar of Jiyva.
  1162 | D        | Reached skill level 4 in Fighting
  1391 | D        | Noticed a two-headed ogre
  1413 | D        | Killed a two-headed ogre
  1414 | D        | Reached skill level 5 in Fighting
  1414 | D        | Reached skill level 5 in Dodging
  1538 | D        | Reached *** piety under Sif Muna
  1545 | D        | Learned a level 4 spell: Hailstorm
  1612 | D        | Reached **** piety under Sif Muna
  1616 | D        | Noticed an orc high priest
  1619 | D        | Noticed a red devil
  1628 | D        | Reached skill level 5 in Unarmed Combat
  1628 | D        | Killed an orc high priest
  1628 | D        | Reached ***** piety under Sif Muna
  1629 | D        | Gained mutation: You regenerate health from kills. [demonic
                  | ancestry]
  1629 | D        | Reached XP level 9. HP: 41/68 MP: 2/16
  1655 | D        | Received a gift from Sif Muna
  1656 | D        | Reached skill level 1 in Invocations
  1707 | D        | Found Boehasumi's Jewellery Shop.
  1782 | D        | Bought a +4 ring of evasion for 504 gold pieces
  1782 | D        | Bought a +4 ring of protection for 504 gold pieces
  1782 | D        | Bought an amulet of magic regeneration for 420 gold pieces
  1813 | D        | Noticed a two-headed ogre
  1813 | D        | Noticed Erolcha
  1818 | D        | Killed Erolcha
  1819 | D        | Reached skill level 10 in Unarmed Combat
  1820 | D        | Killed a two-headed ogre
  1863 | D        | Received a gift from Sif Muna
  1865 | D        | Reached skill level 6 in Fighting
  1872 | D        | Noticed Edmund
  1872 | D        | Noticed Sigmund
  1882 | D        | Killed Sigmund
  1883 | D        | Reached skill level 10 in Fighting
  1883 | D        | Reached skill level 10 in Dodging
  1883 | D        | Reached XP level 10. HP: 74/86 MP: 0/17
  1894 | D        | Killed Edmund
  1895 | D        | Reached skill level 11 in Fighting
  1966 | D        | Reached XP level 11. HP: 83/93 MP: 14/18
  1980 | D        | Received a gift from Sif Muna
  1981 | D        | Noticed a lindwurm
  1983 | D        | Reached skill level 12 in Fighting
  1984 | D        | Killed a lindwurm
  1984 | D        | Reached ****** piety under Sif Muna
  2044 | D        | Received a gift from Sif Muna
  2048 | D        | Reached skill level 13 in Fighting
  2050 | D        | Got Binuzej's Catalogue of Virous Attacks {god gift}
  2118 | D        | Killed an eight-headed hydra
  2324 | D        | Got Sif Muna's Catalogue of Excruciating Earth {god gift}
  2371 | D        | Noticed Urug
  2384 | D        | Killed Urug
  2384 | D        | Received a gift from Sif Muna
  2385 | D        | Got Sif Muna's Witchery in Simple Steps {god gift}
  2428 | D        | Killed a five-headed hydra
  2703 | D        | Reached skill level 14 in Fighting
  2808 | D        | Noticed a death yak
  2812 | D        | Noticed a death yak
  2825 | D        | Noticed a death yak
  2832 | D        | Noticed a death yak
  2834 | D        | Killed a death yak
  2835 | D        | Reached skill level 5 in Spellcasting
  2839 | D        | Killed a death yak
  2843 | D        | Killed a death yak
  2843 | D        | Killed a death yak
  2843 | D        | Received a gift from Sif Muna
  2844 | D        | Got Sif Muna's Tome of Warped Stones {god gift}
  2875 | D        | Gained mutation: A meltable icy envelope protects you from
                  | harm. (AC +0) [demonic ancestry]
  2875 | D        | Reached XP level 12. HP: 83/107 MP: 14/22
  2878 | D        | Noticed an azure jelly
  2878 | D        | Noticed an azure jelly
  2879 | D        | Noticed an azure jelly
  2879 | D        | Noticed an azure jelly
  2959 | D        | Reached skill level 10 in Conjurations
  2973 | D        | Noticed a dire elephant
  2992 | D        | Killed a dire elephant
  2997 | D        | Noticed a dire elephant
  3253 | D        | Killed a dire elephant
  3254 | D        | Reached skill level 10 in Fire Magic
  3453 | D        | Noticed Gastronok
  3583 | D        | Killed Gastronok
  3690 | D        | Noticed Polyphemus
  3700 | D        | Received a gift from Sif Muna
  3707 | D        | Killed Polyphemus
  3708 | D        | Got Sif Muna's Catalogue of Conjuration {god gift}
  3716 | D        | Reached skill level 10 in Spellcasting
  3761 | D        | Learned a level 5 spell: Fireball
  3889 | D        | Noticed Ilsuiw
  4172 | D        | HP: 1/107 [cloud of flame (34)]
  4172 | D        | Succumbed to a death drake's dark miasma

Illustrated notes

Levels and vault maps discovered:
D:        dungeon_sprint_mu [sprint_mu_entry_forest, sprint_mu_temple_rooms,
          sprint_mu_d1_spiders, sprint_mu_d2_genie, sprint_mu_d3_branching,
          sprint_mu_orc_legion, sprint_mu_elf_gauntlet, sprint_mu_hive_nellie,
          sprint_mu_lair_fedhas, sprint_mu_vaults_butterflies,
          sprint_mu_slime_circle, sprint_mu_swamp_cave, sprint_mu_shoals_archi,
          sprint_mu_blade_basic, sprint_mu_crypt_chambers,
          sprint_mu_tomb_spiral, sprint_mu_vestibule_basic,
          sprint_mu_gehenna_hellfire, sprint_mu_dis_giant,
          sprint_mu_tartarus_statrot, sprint_mu_cocytus_islands, sprint_mu_zot1]

Skill      XL: |  1  2  3  4  5  6  7  8  9 10 11 12 |
---------------+-------------------------------------+-----
Spellcasting   | 4 7 10 | 10.1
Conjurations   | 3 5 7 8 9 12 | 12.3
Unarmed Combat | 3 4 8 10 | 10.5
Fire Magic     | 4 5 6 7 8 11 | 11.3
Ice Magic      | 6 |  6.0
Evocations     | 10 | 10.4
Fighting       | 3 5 10 11 14 | 14.2
Dodging        | 3 5 10 13 | 13.3
Invocations    | 8 |  8.1
Stealth        | |  1.7

Action                   |  1- 3 |  4- 6 |  7- 9 | 10-12 || total
-------------------------+-------+-------+-------+-------++-------
Melee: Unarmed           |     6 |    11 |    48 |    74 ||   139
       Punch             |       |       |     1 |     3 ||     4
 Cast: Foxfire           |    14 |     7 |     8 |       ||    29
       Scorch            |     4 |     5 |     4 |    10 ||    23
       Frozen Ramparts   |       |     1 |    13 |    16 ||    30
       Flame Wave        |       |       |     9 |    28 ||    37
       Hailstorm         |       |       |     2 |       ||     2
Evoke: Wand              |       |       |     2 |     4 ||     6
  Use: Potion            |       |     2 |     1 |     1 ||     4
       Scroll            |       |       |       |     1 ||     1
Armor: Robe              |     1 |       |     2 |    18 ||    21
Dodge: Dodged            |     7 |     7 |    43 |    87 ||   144
Block: Other             |       |     2 |    15 |    18 ||    35

Table legend: (Time is in decaauts)
 A = Elapsed time spent in this place.
 B = Non-inter-level travel time spent in this place.
 C = Inter-level travel time spent in this place.
 D = Time resting spent in this place.
 E = Time spent auto-exploring this place.
 F = Levels seen in this place.
 G = Mean time per level.
                   A        B        C        D        E       F      G
               +--------+--------+--------+--------+--------+-----+--------+
         Total |   4218 |   4163 |     55 |   2799 |     36 |   1 | 4218.0 |
       Dungeon |   4218 |   4163 |     55 |   2799 |     36 |   1 | 4218.0 |
               +--------+--------+--------+--------+--------+-----+--------+

Top non-repeatable levels by time:
       D: 4218 daAuts
